 Dungeon Crawl Stone Soup version 0.31-a0-217-g58bb5d79cf (webtiles) character file.

Game seed: 4413756765742192421

1959 12572944 the Grappler (level 9, 0/83 (88) HPs)
             Began as a Troll Fighter on July 2, 2023.
             Slain by a jelly (3 damage)
             ... on level 6 of the Dungeon.
             The game lasted 00:10:58 (4197 turns).

12572944 the Grappler (Troll Fighter)               Turns: 4197, Time: 00:10:59

HP:   0/83 (88)     AC: -11   Str: 26    XL:     9   Next: 0%
MP:   8/8           EV:  9    Int:  8    God:
Gold: 254           SH:  9    Dex:  9    Spells: 8/8 levels left

rFire   + .          .
                       - Unarmed
rCold   . . .        b - +0 kite shield
rNeg    . . .        a - +0 robe
rPois   .            (helmet restricted)
rElec   .            l - +0 cloak
rCorr   .            (gloves unavailable)
SInv    .            (boots unavailable)
Will    .....        d - amulet of the acrobat
Stlth   +            r - ring of protection from fire
HPRegen 1.13/turn    (no ring)
MPRegen 0.11/turn

%: acrobat
@: corroded, drained
A: large, unfitting armour, claws 3, regeneration 1, shaggy fur 1, tough skin 1
a: no special abilities


You were on level 6 of the Dungeon.
You visited 1 branch of the dungeon, and saw 6 of its levels.

You collected 254 gold pieces.

Inventory:

Missiles
 g - 89 stones
 o - 7 poisoned darts
 p - a throwing net
Armour
 a - a +0 robe (worn)
 b - a +0 kite shield (worn)
 l - a +0 cloak (worn)
 v - a +0 robe of fire resistance
 C - a +1 robe of willpower
 G - a +1 cloak
Jewellery
 d - an amulet of the acrobat (around neck)
 r - a ring of protection from fire (left claw)
Wands
 s - a wand of flame (13)
 y - a wand of roots (5)
 E - a wand of paralysis (2)
Scrolls
 c - 3 scrolls of enchant weapon {unknown}
 e - 2 scrolls of fog {unknown}
 f - 2 scrolls of identify {unknown}
 h - 2 scrolls of blinking {unknown}
 i - a scroll of revelation {unknown}
 k - a scroll of silence {unknown}
 m - a scroll of noise
 n - 2 scrolls of immolation {unknown}
 A - a scroll of torment {unknown}
 B - 3 scrolls of vulnerability {unknown}
 D - a scroll of poison {unknown}
Potions
 j - 3 potions of lignification {unknown}
 q - 3 potions of curing {unknown}
 t - a potion of berserk rage {unknown}
 u - a potion of mutation {unknown}
 w - a potion of haste {unknown}
 x - a potion of degeneration {unknown}
 z - a potion of enlightenment {unknown}
 F - a potion of attraction {unknown}


   Skills:
 + Level 5.4 Fighting
 - Level 2.4 Dodging
 + Level 5.9 Shields
 * Level 8.6 Unarmed Combat


You had 8 spell levels left.
You didn't know any spells.
Your spell library contained the following spells:

 Spells                   Type           Power      Damage    Failure   Level
 Stone Arrow              Conj/Erth      0%         3d7       94%         3
 Animate Armour           Summ/Erth      0%         N/A       100%        4
 Lehudib's Crystal Spear  Conj/Erth      0%         10d2      100%        8


Dungeon Overview and Level Annotations

Branches:
Dungeon (6/15)
 Temple: D:4-7

Altars:
Ashenzari
Kikubaaqudgha
Makhleb
Ru
Trog
Xom
Zin


Innate Abilities, Weirdness & Mutations

You are too large for most types of armour.
You have claws for hands.
Your natural rate of healing is unusually fast.
You are covered in fur. (AC +1)
You have tough skin. (AC +1)


Message History

You block the wight's attack.
You barely miss the wight.
The wight is almost destroyed.
The wight hits you with a +2 dagger.
You feel drained.
You barely miss the wight.
The wight is almost destroyed.
You block the wight's attack.
You scratch the wight but do no damage.
The wight is almost destroyed.
The wight hits you with a +2 dagger.
You feel drained.
You scratch the wight.
You destroy the wight!
You scratch the jelly but do no damage.
Your claws burn!
The jelly hits you.
You are splashed with acid!
You barely miss the jelly. You scratch the jelly.
Your claws burn!
The jelly is moderately wounded.
The jelly hits you. The acid corrodes you!
You are splashed with acid.
You claw the jelly! The acid corrodes you!
Your claws burn!
The jelly is almost dead.
The jelly hits you. The acid corrodes you!
You are splashed with acid!
* * * LOW HITPOINT WARNING * * *
You claw the jelly!
You kill the jelly!
You have reached level 9!
Your experience leads to an increase in your attributes!
Increase (S)trength, (I)ntelligence, or (D)exterity?
You feel clever. x2; You feel stronger.
You scratch the jelly.
Your claws burn!
* * * LOW HITPOINT WARNING * * *
The jelly is lightly wounded.
The jelly hits you.
* * * LOW HITPOINT WARNING * * *
The acid corrodes you!
You are splashed with acid!
* * * LOW HITPOINT WARNING * * *
You scratch the jelly but do no damage.
Your claws burn!
* * * LOW HITPOINT WARNING * * *
The jelly is lightly wounded.
The jelly hits you.
You die...

#...#........ #...#........
##################'#.........
#..........#..#.....####.....
#..........'..#...z.'..#.....
#..........#..#.....#..'.J...
#..........#z.'.zz..#..#z...#
#..........#J##.....#..# ..z#
############@#....###..# .#
#^.......#..#....# ...#
#........#..#....# .J.#
#........#..#....# ...#
#........#..#....#....'
#........#..'....#
#...##..#####....##
#...##..###.......#
#....#....+.......#


You could see a jelly and a wight.

Vanquished Creatures
  Pikel (D:5)
  Duvessa (D:4)
  2 black bears (D:5)
  A phantom (D:4)
  A bullfrog (D:6)
  A gnoll sergeant (D:5)
  3 scorpions
  2 wights (D:6)
  Dowan (D:4)
  3 howler monkeys
  A crimson imp (D:4)
  3 jellies
  2 hounds
  Terence (D:3)
  An orc wizard (D:5)
  An iguana (D:5)
  Ijyb (D:3)
  Robin (D:2)
  10 gnolls
  4 adders
  A white imp (D:4)
  2 ufetubi
  3 worms
  A dart slug (D:5)
  5 orcs
  14 endoplasms
  A giant cockroach (D:4)
  16 goblins
  24 hobgoblins
  6 jackals
  3 kobolds
  5 quokkas
  6 ball pythons
  6 bats
  A frilled lizard (D:3)
  4 rats
139 creatures vanquished.

Notes
Turn   | Place    | Note
-------+----------+-------------------------------------------
     0 | D:1      | 12572944 the Troll Fighter began the quest for the Orb.
     0 | D:1      | Reached XP level 1. HP: 22/22 MP: 0/0
   170 | D:1      | Reached XP level 2. HP: 29/29 MP: 1/1
   456 | D:1      | Reached XP level 3. HP: 36/36 MP: 2/2
   741 | D:2      | Reached skill level 3 in Unarmed Combat
   851 | D:2      | Noticed Robin
   875 | D:2      | Killed Robin
   876 | D:2      | Reached XP level 4. HP: 27/44 MP: 3/3
  1192 | D:2      | Reached skill level 4 in Unarmed Combat
  1192 | D:2      | Reached XP level 5. HP: 47/53 MP: 4/4
  1630 | D:3      | Found a faded altar of an unknown god.
  1900 | D:3      | Noticed Terence
  1913 | D:3      | Killed Terence
  1921 | D:3      | Noticed Ijyb
  1944 | D:3      | Killed Ijyb
  2381 | D:4      | Reached XP level 6. HP: 61/61 MP: 5/5
  2405 | D:4      | Noticed Dowan
  2407 | D:4      | Noticed Duvessa
  2427 | D:4      | Killed Duvessa
  2428 | D:4      | Reached skill level 5 in Unarmed Combat
  2435 | D:4      | Killed Dowan
  2588 | D:4      | Found a bloodstained altar of Trog.
  2750 | D:4      | Reached XP level 7. HP: 62/68 MP: 6/6
  2869 | D:4      | Found a sacrificial altar of Ru.
  2871 | D:4      | Found a broken altar of Ashenzari.
  2953 | D:4      | Found a burning altar of Makhleb.
  2954 | D:4      | Found a shimmering altar of Xom.
  3081 | D:4      | Reached skill level 6 in Unarmed Combat
  3160 | D:5      | Entered Level 5 of the Dungeon
  3416 | D:5      | Reached XP level 8. HP: 74/79 MP: 7/7
  3438 | D:5      | Reached skill level 5 in Shields
  3476 | D:5      | Found a glowing silver altar of Zin.
  3476 | D:5      | Noticed Pikel
  3498 | D:5      | Killed Pikel
  3499 | D:5      | Reached skill level 5 in Fighting
  3499 | D:5      | Reached skill level 7 in Unarmed Combat
  3507 | D:5      | Reached skill level 8 in Unarmed Combat
  3538 | D:5      | Found an ancient bone altar of Kikubaaqudgha.
  4196 | D:6      | Reached XP level 9. HP: 20/83 MP: 8/8
  4197 | D:6      | HP: 2/83 [acid (4)]
  4197 | D:6      | Slain by a jelly

Illustrated notes

Levels and vault maps discovered:
D:1:      evilmike_arrival_plus, layout_loops_ring
D:2:      layout_loops_ring, st_stairs_3, uniq_robin
D:3:      layout_basic, basic_ecumenical_altar, uniq_terence, uniq_ijyb
D:4:      layout_basic, nicolae_overflow_hidden_temple, trog_hazing_becter,
          grunt_temple_overflow_champion_of_chaos, nicolae_underground_beach,
          uniq_duvessa
D:5:      layout_loops_ring, nicolae_overflow_squiral, uniq_pikel
D:6:      layout_gridville, minmay_temple_entry_drinking_statues,
          item_on_display_a

Skill      XL: |  1  2  3  4  5  6  7  8 |
---------------+-------------------------+-----
Shields        | 3 4 5 |  5.9
Unarmed Combat | 3 4 5 6 8 |  8.6
Fighting       | 3 4 5 |  5.4
Dodging        | |  2.4

Action                     |  1- 3 |  4- 6 |  7- 9 || total
---------------------------+-------+-------+-------++-------
  Melee: Unarmed           |   125 |   197 |   124 ||   446
  Throw: Stone             |       |     5 |       ||     5
         Dart              |       |     1 |     7 ||     8
    Use: Potion            |     1 |       |       ||     1
         Scroll            |       |     1 |       ||     1
   Stab: Sleeping          |       |     1 |       ||     1
 Armour: Robe              |    33 |    43 |    20 ||    96
  Dodge: Dodged            |    59 |    65 |    40 ||   164
  Block: Kite shield       |    51 |    53 |    39 ||   143

Table legend: (Time is in decaauts)
 A = Elapsed time spent in this place.
 B = Non-inter-level travel time spent in this place.
 C = Inter-level travel time spent in this place.
 D = Time resting spent in this place.
 E = Time spent auto-exploring this place.
 F = Levels seen in this place.
 G = Mean time per level.
                   A        B        C        D        E       F      G
               +--------+--------+--------+--------+--------+-----+--------+
         Total |   4209 |   4077 |    132 |     16 |   3091 |   6 |  701.5 |
       Dungeon |   4209 |   4077 |    132 |     16 |   3091 |   6 |  701.5 |
               +--------+--------+--------+--------+--------+-----+--------+

Top non-repeatable levels by time:
     D:5: 884 daAuts
     D:4: 856 daAuts
     D:3: 817 daAuts
     D:2: 780 daAuts
     D:1: 721 daAuts
     D:6: 150 daAuts
